 Dungeon Sprint DCSS version 0.18-b1-2-gd0c887e (webtiles) character file.

3 Groucho the Sneak (level 1, -5/9 HPs)
             Began as a Spriggan Enchanter on Apr 28, 2016.
             Was an Initiate of Dithmenos.
             Slain by a river rat (10 damage)
             ... in the Dungeon (Sprint VII: "The Pits").
             The game lasted 00:00:47 (83 turns).

Groucho the Sneak (Spriggan Enchanter)                Turns: 83, Time: 00:00:48

Health: -5/9       AC:  3    Str:  4    XL:     1   Next: 41%
Magic:  5/5        EV: 18    Int: 16    God:    Dithmenos [......]
Gold:   0          SH:  0    Dex: 16    Spells: 1 memorised, 5 levels left

rFire  . . .     SeeInvis +     k - +2 dagger
rCold  . . .     Gourm    .     b - +1 robe
rNeg   . . .     Faith    .     (shield restricted)
rPois  .         Spirit   .     (helmet restricted)
rElec  .         Dismiss  .     (no cloak)
rCorr  .         Reflect  .     (gloves unavailable)
SustAt .         Harm     .     (boots unavailable)
MR     .....     NoTele   +     (no amulet)
Stlth  +++.......               (no ring)
                                (no ring)

@: very quick, not resistant to hostile enchantments, fairly stealthy
A: unfitting armour, see invisible, herbivore 3, speed 3, slow metabolism 2
a: Renounce Religion


You were in the Dungeon.
You worshipped Dithmenos.
Dithmenos was noncommittal.
You were not hungry.

You visited 1 branch

Inventory:

Hand Weapons
 k - a +2 dagger (weapon)
Missiles
 p - 10 stones (quivered)
Armour
 b - a +1 robe (worn)
Scrolls
 j - a scroll of blinking
 m - 3 scrolls of remove curse
 n - 5 scrolls of amnesia
 o - a scroll of summoning
Potions
 e - a potion of curing
 f - a potion of heal wounds
 g - a potion of haste
 h - 4 potions of magic
 i - 3 potions of berserk rage
 l - 2 potions of invisibility
Books
 c - a book of Maledictions

   Spells                             Type                      Level
   a - Corona                         Hexes                        1
   b - Ensorcelled Hibernation        Hexes/Ice                    2
   c - Confuse                        Hexes                        3
   d - Tukima's Dance                 Hexes                        3
   e - Dazzling Spray                 Conjuration/Hexes            3
Comestibles
 a - 40 fruits
 d - 8 bread rations


   Skills:
 + Level 0.4 Fighting
 + Level 1.3 Short Blades
 + Level 3.4 Dodging
 + Level 4.6 Stealth
 * Level 3.1 Spellcasting
 * Level 4.1 Hexes


You had 5 spell levels left.
You knew the following spells:

 Your Spells              Type           Power        Failure   Level  Hunger
a - Corona                Hex            ###....      4%          1    None


Dungeon Overview and Level Annotations

Branches:
Dungeon (1/1)

Altars:
Ashenzari
Cheibriados
Dithmenos
Elyvilon
Fedhas
Gozag
Kikubaaqudgha
Makhleb
Nemelex Xobeh
Okawaru
Pakellas
Qazlal
Ru
Sif Muna
Trog
Vehumet
Xom
Yredelemnul
Zin
The Shining One
Beogh
Jiyva
Lugonu


Innate Abilities, Weirdness & Mutations

You are tiny and cannot use many weapons and most armour.
You have supernaturally acute eyesight.
You are a herbivore.
You cover ground extremely quickly.
You need consume almost no food.


Message History

There is a blossoming altar of Fedhas here.
There is a snail-covered altar of Cheibriados here.
There is a white marble altar of Elyvilon here.
There is a bloodstained altar of Trog here.
There is a shadowy altar of Dithmenos here.
There is a sacrificial altar of Ru here.
There is an open door to the Temple (Safe) here.
There is an open door here.
As you close the door, it creaks loudly!
You open the door.
A river rat comes into view.
The river rat misses you.
You hit the river rat but do no damage. The river rat misses you.
You hit the river rat but do no damage. The river rat bites you.
You hit the river rat but do no damage. The river rat barely misses you.
You closely miss the river rat. The river rat misses you.
You barely miss the river rat. The river rat misses you.
You hit the river rat but do no damage. The river rat bites you!
Ouch! That really hurt!
You die...

############
#__________#
#__________#
#_#####'##############++
#_#)))'.'%.##...........
#_#)))#.#?|##......#..#.
#######+#####...........
#.........r@'...........
#+#####'#####......#..#.
#.. #........... ###
####+#####++ #.......#
#.......# #.......#
#...<...# #.......#


You could see a river rat.

Vanquished Creatures
  An adder skeleton (D)
1 creature vanquished.

Notes
Turn   | Place    | Note
--------------------------------------------------------------
     0 | D        | Groucho the Spriggan Enchanter began the quest for the Orb.
     0 | D        | Reached XP level 1. HP: 9/9 MP: 5/5
    49 | D        | Found a sacrificial altar of Ru.
    49 | D        | Found a basalt altar of Yredelemnul.
    49 | D        | Found a shadowy altar of Dithmenos.
    49 | D        | Found a deep blue altar of Sif Muna.
    49 | D        | Found a burning altar of Makhleb.
    49 | D        | Found a shimmering altar of Xom.
    49 | D        | Found an ancient bone altar of Kikubaaqudgha.
    49 | D        | Found a sparkling altar of Nemelex Xobeh.
    50 | D        | Found a glowing golden altar of the Shining One.
    50 | D        | Found a bloodstained altar of Trog.
    50 | D        | Found a shattered altar of Ashenzari.
    50 | D        | Found a white marble altar of Elyvilon.
    50 | D        | Found a snail-covered altar of Cheibriados.
    50 | D        | Found a blossoming altar of Fedhas.
    50 | D        | Found a radiant altar of Vehumet.
    50 | D        | Found a glowing silver altar of Zin.
    50 | D        | Found a corrupted altar of Lugonu.
    50 | D        | Found a viscous altar of Jiyva.
    50 | D        | Found a roughly hewn altar of Beogh.
    50 | D        | Found an iron altar of Okawaru.
    51 | D        | Found an oddly glowing altar of Pakellas.
    53 | D        | Became a worshipper of Dithmenos the Shadowed
    57 | D        | Found a stormy altar of Qazlal.
    57 | D        | Found an opulent altar of Gozag.
    83 | D        | Slain by a river rat

Skill      XL: |  1 |
---------------+----+-----
Spellcasting   | 3 |  3.1
Hexes          | 4 |  4.1
Fighting       | |  0.4
Short Blades   | |  1.3
Dodging        | |  3.4
Stealth        | |  4.6

Action                   || total
-------------------------++-------
Melee: Dagger            ||     7
 Stab: Sleeping          ||     1
Dodge: Dodged            ||     5
